 Dungeon Crawl Stone Soup version 0.31-a0-431-g88bdf31460 (webtiles) character file.

Game seed: 2842005409150321425

1726 ders the Destroyer (level 9, 0/45 HPs)
             Began as a Gargoyle Earth Elementalist on July 31, 2023.
             Was an Initiate of Vehumet.
             Slain by a killer bee (5 damage)
             ... on level 7 of the Dungeon.
             The game lasted 00:07:46 (7478 turns).

ders the Destroyer (Gargoyle Earth Elementalist)    Turns: 7478, Time: 00:07:46

Health: 0/45       AC: 11    Str: 13    XL:     9   Next: 4%
Magic:  6/17       EV: 11    Int: 19    God:    Vehumet [......]
Gold:   307        SH:  0    Dex: 10    Spells: 14/18 levels left

rFire   . . .        (no weapon)
rCold   . . .        (no shield)
rNeg    + . .        a - +0 robe
rPois   ∞            d - +1 hat
rElec   +            (no cloak)
rCorr   .            b - +1 Delatra's gloves {ID++}
SInv    .            (no boots)
Will    .....        (no amulet)
Stlth   ++           (no ring)
HPRegen 0.27/turn    (no ring)
MPRegen 0.15/turn

%: no passive effects
@: studying Ranged Weapons
A: sickness immunity, AC +6, negative energy resistance 1, electricity
resistance, torment resistance 1, petrification resistance
a: Renounce Religion


You were on level 7 of the Dungeon.
You worshipped Vehumet.
Vehumet was noncommittal.
You visited 2 branches of the dungeon, and saw 8 of its levels.
You also visited: Ossuary.

You collected 437 gold pieces.
You spent 130 gold pieces at shops.

Inventory:

Armour
 a - a +0 robe (worn)
 b - the +1 Delatra's gloves (worn) {ID++}
   (You found it on level 5 of the Dungeon)

   ID++:      It heals its wearer when they drink unknown potions, and restores
   their MP when they read unknown scrolls.
 d - a +1 hat (worn)
Jewellery
 i - a ring of protection from cold
Scrolls
 c - 2 scrolls of amnesia
 f - 4 scrolls of teleportation
 g - a scroll of revelation
 l - a scroll of enchant weapon
 r - a scroll of vulnerability {unknown}
 s - 2 scrolls of brand weapon {unknown}
 t - a scroll of acquirement {unknown}
 u - a scroll of identify
Potions
 e - a potion of ambrosia {unknown}
 h - a potion of invisibility {unknown}
 j - 4 potions of curing
 k - a potion of lignification {unknown}
 m - a potion of degeneration {unknown}
 n - 3 potions of heal wounds
 o - 2 potions of haste {unknown}
 p - 2 potions of attraction {unknown}
 q - a potion of brilliance


   Skills:
 - Level 1.5 Dodging
 - Level 2.1 Stealth
 + Level 5.4 Spellcasting
 * Level 8.7 Conjurations
 - Level 0.7 Transmutations
 + Level 7.6 Earth Magic


You had 14 spell levels left.
You knew the following spells:

 Your Spells              Type           Power      Damage    Failure   Level
a - Sandblast             Erth           68%        2d15      1%          1
b - Stone Arrow           Conj/Erth      72%        3d11      1%          3

Your spell library contained the following spells:

 Spells                   Type           Power      Damage    Failure   Level
 Passwall                 Tmut/Erth      17%        N/A       3%          2
 Slow                     Hex            20%        N/A       12%         1
 Petrify                  Tmut/Erth      21%        N/A       22%         4
 Confusing Touch          Hex            5%         N/A       34%         3
 Vampiric Draining        Necr           5%         2d6       34%         3


Dungeon Overview and Level Annotations

Branches:
Dungeon (7/15)             Temple (1/1) D:5         Ossuary (visited)

Altars:
Ashenzari
Cheibriados
Dithmenos
Elyvilon
Fedhas
Gozag
Hepliaklqana
Kikubaaqudgha
Makhleb
Nemelex Xobeh
Okawaru
Qazlal
Ru
Sif Muna
Trog
Uskayaw
Vehumet
Wu Jian
Xom
Yredelemnul
Zin
The Shining One

Shops:
D:1 (*?   D:5 !

Annotations:
D:5 3 runed translucent doors, hashsling's ghost, amateur GrFi


Innate Abilities, Weirdness & Mutations

You are immune to sickness and miasma.
Your stone body is resilient. (AC +6)
You are immune to poison.
You resist negative energy. (rN+)
You are resistant to electric shocks. (rElec)
You are resistant to unholy torment.
You are immune to petrification.


Message History

Aim: a kobold brigand, wielding a +0 club and quivering curare-tipped darts (heavily wounded, 80% to hit)
The blast of sand hits the kobold brigand!
The kobold brigand is almost dead.
The killer bee misses you.
The kobold brigand throws a curare-tipped dart.
The curare-tipped dart barely misses you.
Unknown command.
Casting: Sandblast (safe; 1% risk of failure)
Confirm with . or Enter, or press ? or * to list all spells.
Aiming: Sandblast (safe; 1% risk of failure)
Press: ? - help, Shift-Dir - straight line, f/p - kobold brigand
Aim: a kobold brigand, wielding a +0 club and quivering curare-tipped darts (almost dead, 80% to hit)
The blast of sand hits the kobold brigand!
You kill the kobold brigand!
Vehumet accepts your kill. The killer bee stings you.
The killer bee stings you! The killer bee stings you.
A killer bee comes into view.
The killer bee closely misses you.
A killer bee comes into view.
Unknown command.
Casting: Sandblast (safe; 1% risk of failure)
Confirm with . or Enter, or press ? or * to list all spells.
Aiming: Stone Arrow (safe; 1% risk of failure)
Press: ? - help, Shift-Dir - straight line, f - killer bee
Aim: a killer bee (48% to hit)
The stone arrow misses the killer bee.
The killer bee buzzes angrily.
The killer bee stings you. x2; The killer bee closely misses you.
The killer bee stings you!
Unknown command.
The killer bee attacks as you move away!
The killer bee barely misses you.
The killer bee attacks as you move away!
The killer bee stings you.
* * * LOW HITPOINT WARNING * * *
The killer bee stings you.
* * * LOW HITPOINT WARNING * * *
The killer bee stings you.
You die...

#. #.# . #.#
## .##.# ...
.....
#...###)#.##
.......K#..
##.#...K#.#
..>...yy#<##
#...../y@..#
#.......####
#.......#
#.......#
##....#.#
+....#.#
#...##.#
.... #.


You could see 3 killer bees and 2 kobolds.

Vanquished Creatures
  2 water moccasins (D:4)
  An orc warrior (D:6)
  A black bear (D:5)
  An ice beast (D:5)
  An ogre (D:4)
  A centaur (D:6)
  A kobold brigand (D:7)
  A bullfrog (D:6)
  2 scorpions
  3 water moccasin zombies (Ossuary)
  A wight (D:4)
  A hound (D:4)
  A jelly (D:4)
  2 orc priests
  A gnoll bouda (D:5)
  A sleepcap (D:4)
  2 iguanas
  An orc wizard (D:3)
  Natasha (thrice) (D:4)
  2 mummies (Ossuary)
  8 gnolls (D:5)
  5 adders
  A white imp (D:6)
  4 adder zombies (Ossuary)
  A worm (D:3)
  3 dart slugs
  18 orcs
  5 ball pythons
  6 endoplasms
  4 giant cockroaches
  11 goblins
  3 hobgoblins
  3 quokkas
  7 bats
  6 frilled lizards
  5 gnoll zombies (Ossuary)
  4 hobgoblin zombies (Ossuary)
  10 kobolds
  2 kobold zombies (Ossuary)
  7 orc zombies (Ossuary)
  9 rats
151 creatures vanquished.

Notes
Turn   | Place    | Note
-------+----------+-------------------------------------------
     0 | D:1      | ders the Gargoyle Earth Elementalist began the quest for
                  | the Orb.
     0 | D:1      | Reached XP level 1. HP: 10/10 MP: 3/3
    33 | D:1      | Found Pogaer's Antique Weapon Shop.
    70 | D:1      | Found Ogany's Magic Scroll Shoppe.
   189 | D:1      | Found Moasalem's Assorted Antiques.
   233 | D:1      | Reached skill level 1 in Conjurations
   233 | D:1      | Reached XP level 2. HP: 15/15 MP: 1/5
  1114 | D:2      | Reached XP level 3. HP: 16/19 MP: 1/6
  1205 | D:2      | Reached skill level 2 in Conjurations
  1844 | D:3      | Reached XP level 4. HP: 24/24 MP: 4/7
  2180 | D:3      | Reached skill level 3 in Conjurations
  2341 | D:3      | Reached XP level 5. HP: 28/28 MP: 4/9
  2498 | D:4      | Found a sand-covered staircase.
  2507 | D:4      | Reached skill level 4 in Conjurations
  2511 | D:4      | Learned a level 3 spell: Stone Arrow
  2515 | Ossuary  | Entered an ossuary
  2579 | Ossuary  | Reached skill level 5 in Earth Magic
  2579 | Ossuary  | Reached XP level 6. HP: 25/32 MP: 1/10
  2967 | Ossuary  | Reached skill level 5 in Conjurations
  3198 | D:4      | Reached XP level 7. HP: 36/36 MP: 4/12
  3425 | D:4      | Noticed Natasha
  3428 | D:4      | Killed Natasha
  3598 | D:4      | Found a blossoming altar of Fedhas.
  3600 | D:4      | Found a stormy altar of Qazlal.
  3690 | D:4      | Reached skill level 6 in Conjurations
  3990 | D:4      | Noticed Natasha
  4002 | D:4      | Killed Natasha
  4268 | D:4      | Noticed Natasha
  4275 | D:4      | Killed Natasha
  4276 | D:4      | Reached XP level 8. HP: 37/41 MP: 1/14
  4403 | D:4      | Found a glowing golden altar of the Shining One.
  4494 | D:5      | Entered Level 5 of the Dungeon
  5013 | D:5      | Found the +1 Delatra's gloves {ID++}
  5338 | D:4      | Reached skill level 7 in Conjurations
  5625 | D:5      | Found a runed translucent gate.
  5625 | D:5      | Found a runed translucent gate.
  5625 | D:5      | Found a runed translucent gate.
  5841 | D:5      | Found a broken altar of Ashenzari.
  5845 | D:5      | Reached skill level 5 in Spellcasting
  6020 | D:5      | Noticed hashsling's ghost (amateur GrFi)
  6142 | D:5      | Found Plog's Distillery.
  6151 | D:5      | Bought a potion of heal wounds for 65 gold pieces
  6151 | D:5      | Bought a potion of heal wounds for 65 gold pieces
  6194 | D:5      | Found a staircase to the Ecumenical Temple.
  6309 | Temple   | Entered the Ecumenical Temple
  6437 | Temple   | Became a worshipper of Vehumet
  6679 | D:6      | Reached skill level 8 in Conjurations
  6884 | D:6      | Identified the +1 pair of gloves "Kuh Gub" {Will+}
  7248 | D:6      | Found a shadowy altar of Dithmenos.
  7300 | D:6      | Reached XP level 9. HP: 45/45 MP: 9/17
  7478 | D:7      | Slain by a killer bee

Illustrated notes

Levels and vault maps discovered:
D:1:      dpeg_arrival_more_subterranean_lakeside_camping, layout_loops_ring,
          serial_shops, nicolae_shop_waterfront, shop,
          nicolae_shop_competitors_out_of_business
D:2:      layout_basic
D:3:      layout_rooms, minmay_bisected
D:4:      layout_basic, mainiacjoe_overflow_alcove_4,
          grunt_temple_overflow_forces_of_nature, enter_ossuary_1,
          minmay_manual_mess, uniq_natasha
D:5:      layout_cave_pools, lemuel_round_altar, temple_doors_ab,
          gammafunk_ghost_icy, serial_shops, shop_fountains
D:6:      layout_basic, mainiacjoe_overflow_paths, uniq_edmund
D:7:      layout_basic, serial_aquarium, aquarium_bridge_straight
          [aquarium_subvault_bridge, aquarium_subvault_window,
          aquarium_subvault_bridge, aquarium_subvault_wall],
          aquarium_bridge_square [aquarium_subvault_wall,
          aquarium_subvault_balcony, aquarium_subvault_window,
          aquarium_subvault_bridge], aquarium_window_corridor_3,
          aquarium_window_1, aquarium_view_2d, aquarium_view_2e,
          hellmonk_guarded_unrand_lears
Temple:   minmay_crystal_spiral_temple

Skill      XL: |  1  2  3  4  5  6  7  8 |
---------------+-------------------------+-----
Conjurations   | 1 2 3 4 5 6 8 |  8.7
Earth Magic    | 4 5 6 7 |  7.6
Spellcasting   | 3 4 5 |  5.4
Dodging        | |  1.5
Stealth        | |  2.1
Transmutations | |  0.7

Action                     |  1- 3 |  4- 6 |  7- 9 || total
---------------------------+-------+-------+-------++-------
  Melee: Unarmed           |     2 |    25 |    34 ||    61
         Punch             |     1 |       |       ||     1
   Cast: Sandblast         |    55 |    85 |    50 ||   190
         Stone Arrow       |       |     2 |    73 ||    75
    Use: Potion            |       |     3 |     3 ||     6
         Scroll            |       |     7 |     1 ||     8
 Armour: Robe              |     9 |    21 |    41 ||    71
  Dodge: Dodged            |     5 |    44 |    74 ||   123

Table legend: (Time is in decaauts)
 A = Elapsed time spent in this place.
 B = Non-inter-level travel time spent in this place.
 C = Inter-level travel time spent in this place.
 D = Time resting spent in this place.
 E = Time spent auto-exploring this place.
 F = Levels seen in this place.
 G = Mean time per level.
                   A        B        C        D        E       F      G
               +--------+--------+--------+--------+--------+-----+--------+
         Total |   7589 |   7165 |    424 |   1230 |   5019 |   9 |  843.2 |
       Dungeon |   6728 |   6463 |    265 |   1004 |   4686 |   7 |  961.1 |
        Temple |    162 |      4 |    158 |      0 |      0 |   1 |  162.0 |
       Ossuary |    699 |    699 |      0 |    226 |    333 |   1 |  699.0 |
               +--------+--------+--------+--------+--------+-----+--------+

Top non-repeatable levels by time:
     D:4: 2175 daAuts
     D:5: 1205 daAuts
     D:1: 1002 daAuts
     D:3: 817 daAuts
     D:6: 795 daAuts
     D:2: 719 daAuts
 Ossuary: 699 daAuts
  Temple: 162 daAuts
     D:7: 11 daAuts
